 Dungeon Crawl Stone Soup version 0.18-a0-1805-g8ab820f (webtiles) character file.

539 Mefis the Magician (level 7, 0/47 HPs)
             Began as a Human Wizard on Apr 25, 2016.
             Was a Follower of Sif Muna.
             Succumbed to a water moccasin's poison
             ... on level 5 of the Dungeon.
             The game lasted 00:27:11 (6703 turns).

Mefis the Magician (Human Wizard)                   Turns: 6703, Time: 00:27:12

Health: 0/47       AC:  4    Str:  8    XL:     7   Next: 51%
Magic:  5/13       EV: 13    Int: 20    God:    Sif Muna [*.....]
Gold:   157        SH:  0    Dex: 11    Spells: 6 memorised, 1 level left

rFire  . . .     SeeInvis .     n - +0 hunting sling
rCold  . . .     Gourm    .     a - +0 robe
rNeg   . . .     Faith    .     (no shield)
rPois  .         Spirit   .     r - +0 helmet (curse)
rElec  .         Dismiss  .     (no cloak)
rCorr  .         Reflect  .     g - +0 pair of gloves
SustAt .         Harm     .     (no boots)
MR     .....                    (no amulet)
Stlth  ++........               (no ring)
                                (no ring)

@: lethally poisoned (0 -> -1), not resistant to hostile enchantments,
unstealthy
A: no striking features
a: Channel Energy, Renounce Religion


You were on level 5 of the Dungeon.
You worshipped Sif Muna.
Sif Muna was aware of your devotion.
You were hungry.

You visited 1 branch of the dungeon, and saw 5 of its levels.

You collected 157 gold pieces.

Inventory:

Hand Weapons
 n - a +0 hunting sling (weapon)
 t - a +0 dagger of venom
Missiles
 e - 16 poisoned needles
 k - 6 sling bullets (quivered)
 z - 4 tomahawks
Armour
 a - a +0 robe (worn)
 b - a +0 hat
 g - a +0 pair of gloves (worn)
 r - a cursed +0 helmet (worn)
Jewellery
 C - an uncursed ring of see invisible {unknown}
 D - an uncursed ring of poison resistance {unknown}
Wands
 w - a wand of enslavement (13/24)
Scrolls
 f - 3 scrolls of identify
 h - a scroll of immolation
 i - a scroll of magic mapping
 q - a scroll of recharging {unknown}
 s - 2 scrolls of fog {unknown}
 u - a scroll of teleportation
 v - 3 scrolls of remove curse {unknown}
 x - a scroll of blinking {unknown}
 y - a scroll of noise {unknown}
 B - 2 scrolls of random uselessness {unknown}
Potions
 l - a potion of resistance
 o - 2 potions of brilliance
 p - a potion of might
Books
 c - a book of Minor Magic

   Spells                             Type                      Level
   a - Magic Dart                     Conjuration                  1
   b - Blink                          Translocation                2
   c - Call Imp                       Summoning                    2
   d - Repel Missiles                 Charms/Air                   2
   e - Slow                           Hexes                        2
   f - Conjure Flame                  Conjuration/Fire             3
   g - Mephitic Cloud                 Conjuration/Poison/Air       3
Comestibles
 d - 4 bread rations
 m - a slice of pizza
 A - a beef jerky


   Skills:
 + Level 0.4 Fighting
 + Level 1.0 Slings
 + Level 0.2(0.6) Throwing
 + Level 3.1 Dodging
 * Level 3.2 Stealth
 + Level 4.2 Spellcasting
 * Level 2.4 Conjurations
 * Level 1.7 Charms
 * Level 2.2 Summonings
 * Level 2.0 Translocations
 * Level 1.1 Fire Magic
 * Level 1.7 Air Magic
 * Level 1.8 Poison Magic


You had one spell level left.
You knew the following spells:

 Your Spells              Type           Power        Failure   Level  Hunger
a - Magic Dart            Conj           ##..         6%          1    None
b - Call Imp              Summ           ##......     10%         2    #......
c - Blink                 Tloc           N/A          10%         2    #......
d - Repel Missiles        Chrm/Air       ##....       12%         2    #......
e - Mephitic Cloud        Conj/Pois/Air  ##......     17%         3    ###....
f - Conjure Flame         Conj/Fire      ##......     21%         3    ###....


Dungeon Overview and Level Annotations

Branches:
Dungeon (5/15)
 Temple: D:4-7

Altars:
Nemelex Xobeh
Ru
Sif Muna

Annotations:
D:5 Duvessa


Message History

* * * LOW HITPOINT WARNING * * *
Casting: Blink
Confirm with . or Enter, or press ? or * to list all spells.
You blink.
* * * LOW HITPOINT WARNING * * *
You feel sick.
The crimson imp hits you but does no damage.
Casting: Blink
Confirm with . or Enter, or press ? or * to list all spells.
You blink.
* * * LOW HITPOINT WARNING * * *
You feel sick.
Casting: Blink
Confirm with . or Enter, or press ? or * to list all spells.
You blink.
* * * LOW HITPOINT WARNING * * *
You feel sick.
Drink which item? (? for menu, Esc to quit)
Okay, then.
You die...

#.h..5.S#
#.#######
#S# ##5#
#..#
######
#.##
=.....
#.#
######
#.# #@#
#.# #.#
#.# #.#
#.# # #.#
.. ...
### #


You could see a water moccasin and a crimson imp.

Vanquished Creatures
  An ogre (D:4)
  A water moccasin zombie (D:4)
  A scorpion (D:4)
  An orc priest (D:3)
  2 hound skeletons (D:4)
  3 adders (D:2)
  A gnoll (D:3)
  An adder skeleton (D:4)
  2 dart slugs
  2 giant geckos
  6 orcs
  A giant cockroach (D:1)
  4 goblins
  9 hobgoblins
  10 jackals
  4 kobolds
  2 quokkas
  A ball python (D:3)
  13 bats
  A giant cockroach zombie (D:5)
  6 giant newts
  9 rats
81 creatures vanquished.

Vanquished Creatures (collateral kills)
  The ghost of Yehuk the Ducker, an amateur MiBe of Trog (D:4)
  Dowan (D:5)
  A crimson imp (D:3)
  An orc wizard (D:4)
  5 adders
  3 gnolls (D:3)
  4 worms (D:2)
  3 orcs
  A goblin (D:2)
  A hobgoblin (D:2)
  A quokka (D:3)
  A bat (D:3)
  A giant newt (D:4)
  A kobold (D:2)
25 creatures vanquished.

Grand Total: 106 creatures vanquished

Notes
Turn   | Place    | Note
--------------------------------------------------------------
     0 | D:1      | Mefis the Human Wizard began the quest for the Orb.
     0 | D:1      | Reached XP level 1. HP: 13/13 MP: 4/4
   289 | D:1      | Reached XP level 2. HP: 19/19 MP: 1/6
   583 | D:1      | Learned a level 2 spell: Call Imp
   586 | D:1      | Learned a level 2 spell: Blink
   589 | D:1      | Learned a level 2 spell: Repel Missiles
   952 | D:1      | Reached XP level 3. HP: 21/24 MP: 0/8
  1914 | D:2      | Reached XP level 4. HP: 30/30 MP: 6/9
  1919 | D:2      | Learned a level 3 spell: Mephitic Cloud
  3085 | D:2      | Found a sparkling altar of Nemelex Xobeh.
  3085 | D:2      | Found a sacrificial altar of Ru.
  3086 | D:2      | Found a deep blue altar of Sif Muna.
  3089 | D:2      | Became a worshipper of Sif Muna the Loreminder
  3517 | D:3      | Reached XP level 5. HP: 35/35 MP: 3/10
  4103 | D:3      | Found a deep blue altar of Sif Muna.
  5029 | D:3      | Reached skill level 1 in Charms
  5208 | D:3      | Reached skill level 4 in Spellcasting
  5208 | D:3      | Reached skill level 1 in Air Magic
  5208 | D:3      | Reached XP level 6. HP: 38/41 MP: 3/12
  5213 | D:3      | Learned a level 3 spell: Conjure Flame
  5477 | D:4      | Reached skill level 1 in Poison Magic
  5668 | D:4      | Noticed Yehuk's ghost (amateur MiBe)
  5717 | D:4      | Killed Yehuk's ghost
  5972 | D:4      | Noticed an ogre
  5986 | D:4      | Killed an ogre
  5986 | D:4      | Reached * piety under Sif Muna
  5986 | D:4      | Reached skill level 1 in Fire Magic
  5986 | D:4      | Reached XP level 7. HP: 47/47 MP: 4/13
  6162 | D:4      | Reached skill level 1 in Slings
  6579 | D:5      | Entered Level 5 of the Dungeon
  6581 | D:5      | Noticed Dowan
  6583 | D:5      | Noticed Duvessa
  6630 | D:5      | Killed Dowan
  6669 | D:5      | Noticed a water moccasin
  6690 | D:5      | HP: 2/47 [hound (1)]
  6695 | D:5      | HP: 1/47 [poisoned by a water moccasin]
  6703 | D:5      | Succumbed to a water moccasin's poison

Vault maps used:
D:1:      lightli_arrival_maybe_door_vault
D:2:      minitemple
D:3:      led_sif_pool
D:4:      first_bread
D:5:      nicolae_overflow_hidden_temple, serial_shops,
          nicolae_shop_temple_entry_statues_fountains, minmay_misc_feat_iff,
          cheibrodos_ashenzari_chains, uniq_duvessa

Skill      XL: |  1  2  3  4  5  6  7 |
---------------+----------------------+-----
Charms         | 1 |  1.7
Spellcasting   | 4 |  4.2
Conjurations   | 2 |  2.4
Air Magic      | 1 |  1.7
Summonings     | 2 |  2.2
Poison Magic   | 1 |  1.8
Translocations | 2 |  2.0
Dodging        | 3 |  3.1
Stealth        | 3 |  3.2
Fire Magic     | 1 |  1.1
Slings         | 1 |  1.0
Fighting       | |  0.4
Throwing       | |  0.2

Action                   |  1- 3 |  4- 6 |  7- 9 || total
-------------------------+-------+-------+-------++-------
Melee: Short sword       |    23 |     1 |       ||    24
 Fire: Hunting sling     |       |    63 |     9 ||    72
Throw: Tomahawk          |       |     4 |       ||     4
 Cast: Magic Dart        |    56 |   123 |    19 ||   198
       Repel Missiles    |     2 |       |     1 ||     3
       Call Imp          |     5 |    36 |     5 ||    46
       Mephitic Cloud    |       |    10 |     2 ||    12
       Conjure Flame     |       |     2 |     1 ||     3
       Blink             |       |       |     8 ||     8
  Use: Scroll            |       |     5 |     1 ||     6
       Potion            |       |     2 |     1 ||     3
 Stab: Sleeping          |     2 |       |       ||     2
  Eat: Chunk             |     3 |    12 |       ||    15
       Bread ration      |       |     1 |       ||     1
Armor: Robe              |    12 |    30 |     5 ||    47
Dodge: Dodged            |    25 |    61 |    22 ||   108
       Deflected         |     2 |     1 |     1 ||     4
